 Dungeon Crawl Stone Soup version 0.24.0-13-gcf9b319 (webtiles) character file.

Game seed: 3860673540001333375, levelgen mode: deterministic

84 peteyfrogboy the Vexing (level 4, 0/21 HPs)
             Began as a Spriggan Arcane Marksman on June 4, 2020.
             Slain by an adder (2 damage)
             ... on level 3 of the Dungeon.
             The game lasted 00:05:47 (3050 turns).

peteyfrogboy the Vexing (Spriggan Arcane Marksman)  Turns: 3050, Time: 00:05:47

Health: 0/21       AC:  2    Str:  6    XL:     4   Next: 23%
Magic:  8/8        EV: 19    Int: 15    God:
Gold:   102        SH:  0    Dex: 16    Spells: 6/7 levels left

rFire    . . .     SeeInvis +   a - +0 dagger
rCold    . . .     Gourm    .   (shield restricted)
rNeg     . . .     Faith    .   e - +0 robe
rPois    .         Spirit   .   (helmet restricted)
rElec    .         Reflect  .   (no cloak)
rCorr    .         Harm     .   (gloves unavailable)
MR       .....                  (boots unavailable)
Stlth    ++........             (no amulet)
HPRegen  0.07/turn              (no ring)
MPRegen  0.11/turn              (no ring)

@: very quick
A: very small, unfitting armour, see invisible, herbivore, speed 3, slow
metabolism 2
a: no special abilities


You were on level 3 of the Dungeon.
You were not hungry.

You visited 1 branch of the dungeon, and saw 3 of its levels.

You collected 102 gold pieces.

Inventory:

Hand Weapons
 a - a +0 dagger (weapon)
 b - a +0 shortbow
 i - a +0 short sword
Armour
 e - a +0 robe (worn)
Scrolls
 g - a scroll of remove curse
 h - 3 scrolls of identify
 k - a scroll of magic mapping {unknown}
Potions
 c - a potion of magic
 j - a potion of curing {unknown}
Comestibles
 f - 5 rations


   Skills:
 - Level 0.9 Fighting
 + Level 1.3 Short Blades
 + Level 3.2 Bows
 + Level 3.8 Dodging
 + Level 2.0 Stealth
 + Level 2.2 Spellcasting
 + Level 4.2 Hexes


You had 6 spell levels left.
You knew the following spells:

 Your Spells              Type           Power        Failure   Level  Hunger
a - Corona                Hex            ##.....      3%          1    #......

Your spell library contained the following spells:

 Spells                   Type           Power        Failure   Level  Hunger
 Slow                     Hex            ##......     6%          2    ###....
 Inner Flame              Hex/Fire       #.......     26%         3    ###....
 Portal Projectile        Hex/Tloc       #.....       26%         3    ###....
 Cause Fear               Hex            ##........   36%         4    #####..
 Leda's Liquefaction      Hex/Erth       #.........   65%         4    #####..


Dungeon Overview and Level Annotations

Branches:
Dungeon (3/15)

Altars:
Yredelemnul


Innate Abilities, Weirdness & Mutations

You are very small and have problems with some larger weapons.
You are too small for most types of armour.
You have supernaturally acute eyesight. (SInv)
You are a herbivore.
You cover ground extremely quickly.
You need to consume almost no food.


Message History

The adder completely misses you.
You miss the adder.
The adder is moderately wounded.
You feel sick.
You are no longer poisoned.
The adder closely misses you.
You barely miss the adder.
The adder is moderately wounded.
The adder closely misses you.
You hit the adder.
The adder is heavily wounded.
The adder misses you.
You hit the adder.
The adder is severely wounded.
The adder closely misses you. The adder bites you.
* * * LOW HITPOINT WARNING * * *
You miss the adder.
The adder is severely wounded.
The adder bites you.
You die...

#.# ##. #.# #.. # ##'##
##. #. ##...## ##
###.##### ##.....## #
#.......####.......## #
#.#.......#.........####
..........'.........'...
#.#....@#.#.........####
#.#...#S#.##.......## #
#.##......###.....## #
#( ##.#.### ##...## #
#.###.#.# ##'##
#(......# #.# #####.###
##.# #.# ##..## #.#
##.#..##


You could see an adder.

Vanquished Creatures
  3 adders
  A gnoll (D:1)
  4 dart slugs
  2 leopard geckos (D:2)
  A giant cockroach (D:2)
  A goblin (D:1)
  5 hobgoblins
  2 jackals (D:1)
  5 bats
  3 frilled lizards
  8 kobolds
  6 rats
41 creatures vanquished.

Notes
Turn   | Place    | Note
-------+----------+-------------------------------------------
     0 | D:1      | peteyfrogboy the Spriggan Arcane Marksman began the quest
                  | for the Orb.
     0 | D:1      | Reached XP level 1. HP: 9/9 MP: 3/3
   246 | D:1      | Reached XP level 2. HP: 6/14 MP: 5/5
   393 | D:1      | Reached skill level 1 in Stealth
   863 | D:1      | Reached XP level 3. HP: 17/17 MP: 6/6
   961 | D:1      | Reached skill level 4 in Hexes
  1502 | D:2      | Reached skill level 1 in Short Blades
  1673 | D:2      | Found a basalt altar of Yredelemnul.
  2129 | D:2      | Reached XP level 4. HP: 19/21 MP: 8/8
  3050 | D:3      | Slain by an adder

Levels and vault maps discovered:
D:1:      lightli_arrival_noodles, layout_basic
D:2:      layout_loops_corners, yredelemnul_altar_generic, first_ration,
          minivault_24
D:3:      layout_loops_corners, zin_angel, serial_undead, serial_undead_c,
          serial_undead_b, serial_undead_c, serial_undead_a,
          gammafunk_ghost_stat_death, nicolae_dithmenos_shadow_blocks,
          uniq_ijyb, uniq_terence, uniq_jessica

Skill      XL: |  1  2  3  4 |
---------------+-------------+-----
Stealth        | 1 2 |  2.0
Hexes          | 4 |  4.2
Spellcasting   | 2 |  2.2
Bows           | 3 |  3.2
Short Blades   | 1 |  1.3
Fighting       | |  0.9
Dodging        | |  3.8

Action                   |  1- 3 |  4- 6 || total
-------------------------+-------+-------++-------
Melee: Short sword       |     7 |       ||     7
       Dagger            |    50 |    60 ||   110
 Fire: Shortbow          |   109 |     3 ||   112
  Use: Scroll            |     2 |       ||     2
       Potion            |     1 |       ||     1
 Stab: Sleeping          |       |     2 ||     2
Armor: Robe              |     6 |     4 ||    10
Dodge: Dodged            |    65 |    49 ||   114
